 Dungeon Crawl Stone Soup version 0.29-a0-577-gafbf2c5d25 (webtiles) character file.

Game seed: 585938074022289478

3662 happo123 the Ruffian (level 9, -4/85 HPs)
             Began as a Troll Warper on June 14, 2022.
             Was a Priest of Jiyva.
             Slain by a killer bee (9 damage)
             ... on level 8 of the Dungeon.
             The game lasted 00:26:25 (6951 turns).

happo123 the Ruffian (Troll Warper)                 Turns: 6951, Time: 00:26:25

Health: -4/85      AC:  4    Str: 21    XL:     9   Next: 89%
Magic:  7/13       EV: 10    Int: 13    God:    Jiyva [***...]
Gold:   281        SH:  0    Dex:  9    Spells: 4/15 levels left

rFire   + . .      SeeInvis .     - Unarmed
rCold   . . .      Faith    .   (no shield)
rNeg    . . .      Spirit   .   t - +1 robe {rF+}
rPois   .          Reflect  .   (helmet restricted)
rElec   .          Harm     +   w - scarf {harm}
rCorr   +          Rampage  .   (gloves unavailable)
Will    .....                   (boots unavailable)
Stlth   +.........              (no amulet)
HPRegen 2.16/turn               (no ring)
MPRegen 0.48/turn               (no ring)

@: slimy (expiring)
A: large, unfitting armour, claws 3, regeneration 1, shaggy fur 1, tough skin 1,
hooves 1, pseudopods 3
a: Renounce Religion, Oozemancy


You were on level 8 of the Dungeon.
You worshipped Jiyva.
Jiyva was most pleased with you.
You visited 2 branches of the dungeon, and saw 9 of its levels.

You collected 281 gold pieces.

Inventory:

Hand Weapons
 h - a +1 dagger of protection
 n - a +0 arbalest
 p - a +1 mace of protection
Missiles
 c - 7 boomerangs of dispersal (quivered)
 m - 11 boomerangs
Armour
 a - a +0 robe
 j - a +0 cloak
 t - a +1 robe of fire resistance (worn)
 w - a scarf of harm (worn)
Jewellery
 v - the ring of Demons {rC+ Str+6 Int+2 SInv}
   (You found it on level 5 of the Dungeon)

   [ring of strength]

   Str:       It affects your strength (+6).
   Int:       It affects your intelligence (+2).
   rC:        It protects you from cold.
   SInv:      It lets you see invisible.
Wands
 B - a wand of iceblast (8)
Scrolls
 b - a scroll of blinking
 e - 2 scrolls of vulnerability {unknown}
 g - 7 scrolls of identify {unknown}
 k - 2 scrolls of amnesia {unknown}
 l - 2 scrolls of fear {unknown}
 r - a scroll of immolation {unknown}
 y - a scroll of teleportation {unknown}
 A - 3 scrolls of enchant armour {unknown}
Potions
 d - 2 potions of curing
 f - 2 potions of invisibility {unknown}
 i - a potion of berserk rage {unknown}
 o - a potion of cancellation {unknown}
 q - 3 potions of degeneration {unknown}
 s - 3 potions of brilliance {unknown}
 u - a potion of flight {unknown}
 x - a potion of heal wounds {unknown}
 z - a potion of lignification {unknown}
 C - 2 potions of mutation {unknown}
 D - a potion of ambrosia {unknown}
 E - a potion of might {unknown}


   Skills:
 + Level 4.6 Fighting
 - Level 0.8 Throwing
 + Level 4.9 Dodging
 * Level 7.9 Unarmed Combat
 + Level 3.5 Spellcasting
 * Level 6.2 Translocations


You had 4 spell levels left.
You knew the following spells:

 Your Spells              Type           Power      Damage    Failure   Level
a - Blink                 Tloc           36%        N/A       2%          2
b - Gell's Gravitas       Tloc           18%        N/A       4%          3
c - Lesser Beckoning      Tloc           18%        N/A       4%          3
d - Teleport Other        Tloc           18%        N/A       4%          3

Your spell library contained the following spells:

 Spells                   Type           Power      Damage    Failure   Level
 Ozocubu's Armour         Ice            2%         N/A       54%         3
 Manifold Assault         Tloc           18%        N/A       43%         5
 Ozocubu's Refrigeration  Ice            1%         4d5       100%        7


Dungeon Overview and Level Annotations

Branches:
Dungeon (8/15)             Temple (1/1) D:4            Lair (0/6) D:8

Altars:
Ashenzari
Cheibriados
Dithmenos
Elyvilon
Fedhas
Gozag
Hepliaklqana
Kikubaaqudgha
Makhleb
Nemelex Xobeh
Okawaru
Qazlal
Ru
Sif Muna
Trog
Uskayaw
Vehumet
Xom
Zin
The Shining One
Jiyva


Innate Abilities, Weirdness & Mutations

You are too large for most types of armour.
You have claws for hands.
Your natural rate of healing is unusually fast.
You are covered in fur. (AC +1)
You have tough skin. (AC +1)
You have large cloven feet.
Armour fits poorly on your massive pseudopods.


Message History

You are more poisoned.
The killer bee poisons you! A thick mucus forms on your claws.
You can no longer turn your foes to slime.
You feel very sick. The killer bee barely misses you.
The killer bee stings you.
You are more poisoned.
The killer bee poisons you!
The killer bee stings you but does no damage.
The killer bee stings you.
You miss the killer bee. Your claw misses the killer bee.
Your bludgeon misses the killer bee.
You feel very sick. The killer bee stings you. x2
The killer bee stings you but does no damage.
The killer bee misses you.
You closely miss the killer bee. Your kick misses the killer bee.
Your slime is starting to congeal.
You feel very sick.
The killer bee stings you but does no damage.
The killer bee barely misses you. The killer bee stings you!
* * * LOW HITPOINT WARNING * * *
The killer bee stings you.
* * * LOW HITPOINT WARNING * * *
You are more poisoned.
The killer bee poisons you!
It was a potion of curing.
You feel better. The killer bee stings you!
* * * LOW HITPOINT WARNING * * *
The killer bee stings you.
* * * LOW HITPOINT WARNING * * *
The killer bee stings you!
* * * LOW HITPOINT WARNING * * *
The killer bee stings you.
* * * LOW HITPOINT WARNING * * *
Casting: Gell's Gravitas (dangerous; 4% risk of failure)
Confirm with . or Enter, or press ? or * to list all spells.
Aiming: Gell's Gravitas (dangerous; 4% risk of failure)
Press: ? - help, Dir - move target Gravity reorients around empty space.
The killer bee stings you!
You die...

#.....# #.# ####### #.#
#.# #.# ############
#.#
#.......)...######.#
#.#.#...........>..#
#.##..###...##.########
#....yy@....##.#
####.##.#..###.#
#.####..###.#
#...........#
#############


You could see 2 killer bees.

Vanquished Creatures
  The ghost of frustraionsimulator the Marksspriggan, a novice SpAM of Gozag (D:8)
  A hornet (D:7)
  Grinder (D:6)
  Sigmund (D:4)
  A water moccasin (D:8)
  2 ice beasts
  An orc warrior (D:8)
  3 black bears
  A sky beast (D:7)
  2 ogres
  2 bullfrogs
  A necrophage (D:4)
  A gnoll sergeant (D:8)
  4 scorpions
  4 wights (D:7)
  2 killer bees (D:8)
  4 howler monkeys
  A jelly (D:4)
  A crimson imp (D:8)
  3 orc priests (D:8)
  A hound (D:6)
  Crazy Yiuf (D:5)
  An iguana (D:7)
  10 orc wizards
  A statue (D:4)
  8 gnolls
  3 adders
  A shadow imp (D:7)
  2 white imps
  3 ufetubi
  2 worms (D:2)
  2 dart slugs (D:1)
  17 orcs
  10 ball pythons
  4 endoplasms
  6 giant cockroaches
  6 goblins
  9 hobgoblins
  8 jackals (D:1)
  A quokka (D:2)
  4 bats
  5 frilled lizards (D:1)
  4 kobolds
  4 rats
150 creatures vanquished.

Vanquished Creatures (others)
  A bullfrog (D:6)
  2 scorpions
  4 jellies
  An iguana (D:6)
  2 adders
  A shadow imp (D:8)
  A white imp (D:6)
  An ufetubus (D:5)
  A giant cockroach (D:4)
  A ball python (D:4)
  22 fungi
  27 plants
  2 withered plants (D:8)
66 creatures vanquished.

Grand Total: 216 creatures vanquished

Notes
Turn   | Place    | Note
-------+----------+-------------------------------------------
     0 | D:1      | happo123 the Troll Warper began the quest for the Orb.
     0 | D:1      | Reached XP level 1. HP: 19/19 MP: 1/1
   225 | D:1      | Reached XP level 2. HP: 27/27 MP: 2/2
   245 | D:1      | Learned a level 2 spell: Blink
   408 | D:1      | Reached XP level 3. HP: 32/35 MP: 4/4
   980 | D:2      | Reached skill level 3 in Unarmed Combat
   988 | D:2      | Reached XP level 4. HP: 42/42 MP: 5/5
  2474 | D:3      | Found a faded altar of an unknown god.
  2609 | D:4      | Reached XP level 5. HP: 30/49 MP: 6/6
  2682 | D:4      | Noticed a black bear
  2683 | D:4      | Found a staircase to the Ecumenical Temple.
  2691 | D:4      | Killed a black bear
  2700 | Temple   | Entered the Ecumenical Temple
  2714 | Temple   | Became a worshipper of Jiyva Joywnoca the Shapeless
  2819 | D:4      | Noticed Sigmund
  2850 | D:4      | Killed Sigmund
  2851 | D:4      | Reached skill level 4 in Unarmed Combat
  2851 | D:4      | Reached XP level 6. HP: 22/59 MP: 7/7
  3114 | D:4      | Found a radiant altar of Vehumet.
  3137 | D:4      | Reached XP level 7. HP: 53/66 MP: 9/9
  3268 | D:4      | Found a shimmering blue altar of Sif Muna.
  3347 | D:4      | Reached * piety under Jiyva
  3369 | D:5      | Entered Level 5 of the Dungeon
  3456 | D:5      | Found a sparkling altar of Nemelex Xobeh.
  3602 | D:5      | Identified the ring of Demons {rC+ Str+6 Int+2 SInv}
  3756 | D:5      | Found a white marble altar of Elyvilon.
  3789 | D:5      | Reached ** piety under Jiyva
  4325 | D:5      | Found a runed translucent door.
  4326 | D:5      | Noticed Crazy Yiuf
  4330 | D:5      | Killed Crazy Yiuf
  4557 | D:6      | Reached *** piety under Jiyva
  4588 | D:6      | Found a shadowy altar of Dithmenos.
  4614 | D:6      | Gained mutation: Armour fits poorly on your pseudopods.
                  | [Jiyva's grace]
  4614 | D:6      | Gained mutation: Armour fits poorly on your large
                  | pseudopods. [Jiyva's grace]
  4614 | D:6      | Gained mutation: Armour fits poorly on your massive
                  | pseudopods. [Jiyva's grace]
  4614 | D:6      | Gained mutation: You have large cloven feet. [Jiyva's
                  | grace]
  4616 | D:6      | Reached skill level 5 in Unarmed Combat
  4852 | D:6      | Noticed Grinder
  4859 | D:6      | Killed Grinder
  4860 | D:6      | Reached XP level 8. HP: 75/75 MP: 10/10
  4896 | D:6      | Reached **** piety under Jiyva
  5555 | D:7      | Found an opulent altar of Gozag.
  5822 | D:7      | Reached skill level 6 in Unarmed Combat
  5898 | D:7      | Found a sacrificial altar of Ru.
  6081 | D:7      | Reached skill level 5 in Translocations
  6099 | D:7      | Learned a level 3 spell: Gell's Gravitas
  6103 | D:7      | Learned a level 3 spell: Lesser Beckoning
  6107 | D:7      | Learned a level 3 spell: Teleport Other
  6150 | D:7      | Found a hazy altar of Hepliaklqana.
  6151 | D:7      | Found a shimmering altar of Xom.
  6152 | D:7      | Noticed a spectral ugly thing
  6173 | D:7      | Noticed a hornet
  6185 | D:7      | Killed a hornet
  6270 | D:7      | Reached XP level 9. HP: 79/84 MP: 12/12
  6280 | D:7      | Found a hide-covered altar of Uskayaw.
  6408 | D:8      | Reached skill level 7 in Unarmed Combat
  6604 | D:8      | Found a staircase to the Lair.
  6628 | D:8      | Noticed frustraionsimulator's ghost (novice SpAM)
  6629 | D:8      | Found a runed translucent door.
  6653 | D:8      | Killed frustraionsimulator's ghost
  6765 | D:8      | Found a burning altar of Makhleb.
  6950 | D:8      | HP: 3/85 [killer bee (3)]
  6951 | D:8      | Slain by a killer bee

Illustrated notes

Levels and vault maps discovered:
D:1:      dpeg_arrival_rooms_a, layout_loops_cross, minmay_shallow_snake_nest
D:2:      layout_basic, ebering_dispersal_statue_hall, grunt_decor_arrowhead,
          grunt_ministairs_3
D:3:      layout_loops_ring, hellmonk_ecumenical_altar_leap_of_faith
D:4:      layout_gridville, lemuel_blue_sif_altar, vehumet_statue,
          minmay_temple_entry_glass, uniq_sigmund
D:5:      layout_loops_corners, nicolae_elyvilon_temple_path,
          amcnicky_altar_gilded, minmay_misc_feat_square,
          uniq_crazy_yiuf_cottage
D:6:      layout_layer_cave, nicolae_dithmenos_shadow_blocks, minivault_24,
          uniq_grinder
D:7:      layout_basic, regret_index_temple_of_mockery, grunt_gozag_statues,
          marbit_many_paths, mainiacjoe_overflow_paths
D:8:      layout_loops_cross, makhleb_grotto_becter,
          grunt_lair_entry_orc_guard_hut, gammafunk_ghost_grave
Temple:   pf_slimified_temple

Skill      XL: |  1  2  3  4  5  6  7  8  9 |
---------------+----------------------------+-----
Dodging        | 2 3 4 |  4.9
Unarmed Combat | 3 4 5 6 7 |  7.9
Fighting       | 2 3 4 |  4.6
Translocations | 3 4 5 6 |  6.2
Spellcasting   | 2 3 |  3.5
Throwing       | |  0.8

Action                   |  1- 3 |  4- 6 |  7- 9 || total
-------------------------+-------+-------+-------++-------
Melee: Unarmed           |    81 |   118 |   206 ||   405
       Punch             |     4 |     3 |    10 ||    17
       Dagger            |    63 |       |       ||    63
       Kick              |       |       |    28 ||    28
       Pseudopods        |       |       |    14 ||    14
 Cast: Gell's Gravitas   |       |       |     2 ||     2
Invok: Oozemancy         |       |       |     2 ||     2
       Slimify           |       |       |     1 ||     1
  Use: Potion            |       |       |     1 ||     1
 Stab: Sleeping          |       |     1 |       ||     1
Armor: Robe              |    74 |    29 |    42 ||   145
Dodge: Dodged            |    85 |    29 |    76 ||   190

Table legend: (Time is in decaauts)
 A = Elapsed time spent in this place.
 B = Non-inter-level travel time spent in this place.
 C = Inter-level travel time spent in this place.
 D = Time resting spent in this place.
 E = Time spent auto-exploring this place.
 F = Levels seen in this place.
 G = Mean time per level.
                   A        B        C        D        E       F      G
               +--------+--------+--------+--------+--------+-----+--------+
         Total |   6973 |   6653 |    320 |      0 |   5569 |   9 |  774.8 |
       Dungeon |   6893 |   6595 |    298 |      0 |   5519 |   8 |  861.6 |
        Temple |     79 |     57 |     22 |      0 |     50 |   1 |   79.0 |
               +--------+--------+--------+--------+--------+-----+--------+

Top non-repeatable levels by time:
     D:2: 1170 daAuts
     D:6: 1157 daAuts
     D:5: 1003 daAuts
     D:1: 833 daAuts
     D:7: 814 daAuts
     D:4: 733 daAuts
     D:8: 641 daAuts
     D:3: 540 daAuts
  Temple: 79 daAuts
